 Dungeon Sprint DCSS version 0.31-a0-743-g45f7035092 (webtiles) character file.

Game seed: 6771394943664985599

937 sircluck the Grappler (level 7, -5/121 HPs)
             Began as a Troll Berserker on Sept 11, 2023.
             Was the Champion of Trog.
             Slain by a two-headed ogre
             ... wielding a +0 giant club
              (31 damage)
             ... in the Dungeon (Sprint VII: "The Pits") on Sept 12, 2023.
             The game lasted 00:03:07 (472 turns).

sircluck the Grappler (Troll Berserker)              Turns: 472, Time: 00:03:07

Health: -5/121     AC:  4    Str: 28    XL:     7   Next: 87%
Magic:  6/6        EV: 12    Int:  3    God:    Trog [******]
Gold:   0          SH:  0    Dex:  9    Spells: 6/6 levels left

rFire   . .          .
                       - Unarmed
rCold   . . .        (no shield)
rNeg    . . .        a - +0 animal skin
rPois   .            (helmet restricted)
rElec   .            (no cloak)
rCorr   .            (gloves unavailable)
SInv    .            (boots unavailable)
Will    .....        (no amulet) Stlth
                     (no ring)
HPRegen 1.20/turn    (no ring)
MPRegen 0.10/turn

%: no teleportation
@: berserking, very quick
A: large, unfitting armour, claws 3, regeneration 1, shaggy fur 1, tough skin 1
a: Renounce Religion, Berserk, Trog's Hand, Brothers in Arms


You were in the Dungeon.
You worshipped Trog.
Trog was exalted by your worship.
You visited 1 branch

Inventory:

Armour
 a - a +0 animal skin (worn)
Scrolls
 g - a scroll of blinking
 i - 2 scrolls of vulnerability
 j - a scroll of butterflies
Potions
 b - 6 potions of curing
 c - 4 potions of heal wounds
 d - a potion of haste
 e - 4 potions of magic
 f - 3 potions of berserk rage
 h - 2 potions of invisibility


   Skills:
 + Level 8.9 Fighting
 + Level 8.8 Dodging
 + Level 10.4 Unarmed Combat


You had 6 spell levels left.
You didn't know any spells.
Your spell library was empty.

Dungeon Overview and Level Annotations

Branches:
Dungeon (1/1)

Altars:
Ashenzari
Cheibriados
Dithmenos
Elyvilon
Fedhas
Gozag
Hepliaklqana
Kikubaaqudgha
Makhleb
Nemelex Xobeh
Okawaru
Qazlal
Ru
Sif Muna
Trog
Uskayaw
Vehumet
Wu Jian
Xom
Yredelemnul
Zin
The Shining One
Jiyva
Lugonu


Innate Abilities, Weirdness & Mutations

You are too large for most types of armour.
You have claws for hands.
Your natural rate of healing is unusually fast.
You are covered in fur. (AC +1)
You have tough skin. (AC +1)


Message History

Ouch! That really hurt!
The boulder beetle stops rolling and uncurls.
An ogre comes into view. It is wielding a +0 giant club.
You barely miss the boulder beetle. The boulder beetle bites you!
* * * LOW HITPOINT WARNING * * *
You scratch the boulder beetle.
The boulder beetle is lightly wounded.
The boulder beetle closely misses you.
You feel much better.
The boulder beetle leaps!
You feel much better.
A red film seems to cover your vision as you go berserk!
You feel yourself moving faster!
You feel mighty!
You barely miss the two-headed ogre. You mangle the two-headed ogre!!
The two-headed ogre is moderately wounded.
The boulder beetle leaps!
The two-headed ogre completely misses you.
The two-headed ogre hits you with a +0 giant club!
The ogre hits you with a +0 giant club!!
You scratch the ogre.
The ogre is lightly wounded.
You barely miss the ogre.
The ogre is lightly wounded.
You barely miss the ogre.
The ogre is lightly wounded.
The two-headed ogre hits you with a +0 giant club!!
The two-headed ogre hits you but does no damage.
The ogre closely misses you.
You barely miss the ogre.
The ogre is lightly wounded.
The boulder beetle curls into a ball and begins rolling!
You barely miss the ogre. You claw the ogre!!
The ogre is almost dead.
You mangle the ogre!!
You kill the ogre!
Trog accepts your kill.
The two-headed ogre hits you with a +0 giant club!!
* * * LOW HITPOINT WARNING * * *
The two-headed ogre hits you with a +0 giant club!!
You die...

#.#..)'.#))##.......##''##
#.##'####))##.......##....
#.#.†...#[[##.......##....
#.#...†.#'###...<...##....
#.#........##.......##...#
#.#........##.......##..##
#'###########.......##++#
#†......#.O##########
#..###..#@## #..)....#)#
##.###.##†#
#.......#B'O...+
#..###..#'#○○..#
#.......'.#..B.#
########### ####


You could see a boulder beetle (rolling) and a two-headed ogre.

Vanquished Creatures
  A hellwing (D)
  A flying skull (D)
  A warg (D)
  A floating eye (D)
  A sky beast (D)
  An ogre (D)
  2 wolves (D)
  A crimson imp (D)
  A quasit (D)
  An adder (D)
  A gnoll (D)
  2 orcs (D)
  An endoplasm (D)
  2 giant cockroaches (D)
  A hobgoblin (D)
  6 jackals (D)
  2 bats (D)
  A frilled lizard (D)
  A rat (D)
28 creatures vanquished.

Notes
Turn   | Place    | Note
-------+----------+-------------------------------------------
     0 | D        | sircluck the Troll Berserker began the quest for the Orb.
     0 | D        | Reached XP level 1. HP: 22/22 MP: 0/0
    11 | D        | Noticed a sky beast
    11 | D        | Noticed a quasit
    25 | D        | Killed a quasit
    26 | D        | Reached skill level 4 in Unarmed Combat
    26 | D        | Reached XP level 2. HP: 32/32 MP: 1/1
    26 | D        | Reached XP level 3. HP: 39/39 MP: 2/2
    29 | D        | Killed a sky beast
    30 | D        | Reached skill level 5 in Fighting
    30 | D        | Reached skill level 5 in Dodging
    30 | D        | Reached skill level 6 in Unarmed Combat
    30 | D        | Reached XP level 4. HP: 50/50 MP: 3/3
   191 | D        | Reached ** piety under Trog
   222 | D        | Found a bloodstained altar of Trog.
   222 | D        | Found a shimmering blue altar of Sif Muna.
   222 | D        | Found a viscous altar of Jiyva.
   222 | D        | Found a hazy altar of Hepliaklqana.
   222 | D        | Found an opulent altar of Gozag.
   223 | D        | Found a glowing golden altar of the Shining One.
   223 | D        | Found a glowing silver altar of Zin.
   223 | D        | Found a basalt altar of Yredelemnul.
   223 | D        | Found a shimmering altar of Xom.
   223 | D        | Found an ornate altar of the Wu Jian Council.
   223 | D        | Found a sacrificial altar of Ru.
   223 | D        | Found a stormy altar of Qazlal.
   223 | D        | Found an iron altar of Okawaru.
   223 | D        | Found a sparkling altar of Nemelex Xobeh.
   223 | D        | Found a burning altar of Makhleb.
   223 | D        | Found a blossoming altar of Fedhas.
   223 | D        | Found a white marble altar of Elyvilon.
   223 | D        | Found a shadowy altar of Dithmenos.
   223 | D        | Found a snail-covered altar of Cheibriados.
   225 | D        | Found a radiant altar of Vehumet.
   225 | D        | Found a corrupted altar of Lugonu.
   226 | D        | Found a hide-covered altar of Uskayaw.
   226 | D        | Found an ancient bone altar of Kikubaaqudgha.
   226 | D        | Found a broken altar of Ashenzari.
   256 | D        | Reached *** piety under Trog
   259 | D        | Reached XP level 5. HP: 57/57 MP: 4/4
   267 | D        | Noticed a warg
   268 | D        | Reached **** piety under Trog
   272 | D        | Killed a warg
   273 | D        | Reached skill level 7 in Unarmed Combat
   320 | D        | Noticed a floating eye
   337 | D        | Noticed a wolf
   338 | D        | Killed a floating eye
   339 | D        | Reached skill level 8 in Unarmed Combat
   339 | D        | Reached XP level 6. HP: 71/71 MP: 5/5
   357 | D        | Reached ***** piety under Trog
   372 | D        | Reached skill level 9 in Unarmed Combat
   372 | D        | Reached XP level 7. HP: 75/79 MP: 6/6
   392 | D        | Noticed a hellwing
   404 | D        | Killed a hellwing
   405 | D        | Reached skill level 10 in Unarmed Combat
   436 | D        | Noticed a flying skull
   442 | D        | Killed a flying skull
   442 | D        | Reached ****** piety under Trog
   443 | D        | Received a gift from Trog
   444 | D        | Upgraded the game from 0.31-a0-728-g01b46875f1 to
                  | 0.31-a0-743-g45f7035092
   454 | D        | Noticed a two-headed ogre
   454 | D        | Noticed a boulder beetle
   472 | D        | Slain by a two-headed ogre

Illustrated notes

Levels and vault maps discovered:
D:        pitsprint [storerooms_1, entrance_room_1, metal_vault_4, armoury_2,
          mini_pit_1, grid_room_1, main_hall_1, silver_pit, the_coven_1,
          the_vestibule_1, steel_vault_5, golden_pit, hallway_of_sentries,
          crystal_vault_1, iron_vault_2, final_vault]

Skill      XL: |  1  2  3  4  5  6  7 |
---------------+----------------------+-----
Fighting       | 3 5 7 8 |  8.9
Dodging        | 3 5 7 8 |  8.8
Unarmed Combat | 4 6 8 9 10 | 10.4

Action                     |  1- 3 |  4- 6 |  7- 9 || total
---------------------------+-------+-------+-------++-------
  Melee: Unarmed           |     8 |    35 |    35 ||    78
         Punch             |       |     3 |     3 ||     6
 Invoke: Berserk           |     1 |       |     1 ||     2
    Use: Potion            |       |       |     2 ||     2
 Armour: Animal skin       |     6 |    12 |    23 ||    41
  Dodge: Dodged            |     5 |    23 |    15 ||    43

Table legend: (Time is in decaauts)
 A = Elapsed time spent in this place.
 B = Non-inter-level travel time spent in this place.
 C = Inter-level travel time spent in this place.
 D = Time resting spent in this place.
 E = Time spent auto-exploring this place.
 F = Levels seen in this place.
 G = Mean time per level.
                   A        B        C        D        E       F      G
               +--------+--------+--------+--------+--------+-----+--------+
         Total |    463 |    463 |      0 |    168 |     79 |   1 |  463.0 |
       Dungeon |    463 |    463 |      0 |    168 |     79 |   1 |  463.0 |
               +--------+--------+--------+--------+--------+-----+--------+

Top non-repeatable levels by time:
       D: 463 daAuts
